 Dungeon Crawl Stone Soup version 0.21.1-1-g345015fe64 (webtiles) character file.

206 Nattfarinn the Conjurer (level 5, 0/28 HPs)
             Began as a Deep Elf Conjurer on May 6, 2018.
             Slain by Grinder (6 damage)
             ... on level 3 of the Dungeon.
             The game lasted 00:07:54 (2296 turns).

Nattfarinn the Conjurer (Deep Elf Conjurer)         Turns: 2296, Time: 00:07:55

Health: 0/28       AC:  3    Str:  5    XL:     5   Next: 53%
Magic:  9/14       EV: 12    Int: 24    God:
Gold:   179        SH:  3    Dex: 15    Spells: 11/14 levels left

rFire    x . .     SeeInvis .   p - staff of energy
rCold    + . .     Gourm    .   i - +0 buckler
rNeg     . . .     Faith    .   a - +0 robe
rPois    .         Spirit   .   (no helmet)
rElec    .         Reflect  .   (no cloak)
rCorr    .         Harm     .   t - +0 pair of gloves
MR       .....                  (no boots)
Stlth    ++........             r - amulet of magic regeneration
HPRegen  0.09/turn              j - +3 ring of intelligence
MPRegen  0.39/turn              h - ring of ice

@: no status effects
A: no striking features
a: no special abilities


You were on level 3 of the Dungeon.
You were not hungry.

You visited 1 branch of the dungeon, and saw 3 of its levels.

You collected 179 gold pieces.

Inventory:

Hand Weapons
 l - a +1 hand axe of chopping
Armour
 a - a +0 robe (worn)
 i - a +0 buckler (worn)
 t - a +0 pair of gloves (worn)
Magical Staves
 p - an uncursed staff of energy (weapon)
Jewellery
 h - a ring of ice (right hand)
 j - a +3 ring of intelligence (left hand)
 r - an amulet of magic regeneration (around neck)
Wands
 u - a wand of random effects (9)
Scrolls
 k - 2 scrolls of teleportation {unknown}
 m - 4 scrolls of identify {unknown}
 n - 2 scrolls of magic mapping {unknown}
 o - a scroll of blinking {unknown}
 s - a scroll of remove curse {unknown}
Potions
 d - 2 potions of curing {unknown}
 e - a potion of flight {unknown}
 f - a potion of cancellation {unknown}
 g - a potion of heal wounds {unknown}
Books
 b - a book of Conjurations

   Spells                             Type                      Level
   a - Magic Dart                     Conjuration                  1
   b - Searing Ray                    Conjuration                  2
   c - Dazzling Spray                 Conjuration/Hexes            3
   d - Fulminant Prism                Conjuration/Hexes            4
   e - Force Lance                    Conjuration/Translocation    4
   f - Iskenderun's Mystic Blast      Conjuration                  4
Comestibles
 c - 7 rations
 q - 7 chunks of flesh


   Skills:
 - Level 2.4 Dodging
 - Level 2.4 Stealth
 + Level 5.0 Spellcasting
 * Level 6.7 Conjurations


You had 11 spell levels left.
You knew the following spells:

 Your Spells              Type           Power        Failure   Level  Hunger
a - Magic Dart            Conj           ####         1%          1    None
b - Searing Ray           Conj           #####.       1%          2    None


Dungeon Overview and Level Annotations

Branches:
Dungeon (3/15)

Altars:
Cheibriados
Gozag

Annotations:
D:3 Grinder


Message History

Confirm with . or Enter, or press ? or * to list all spells.
You can't see any susceptible monsters within range! (Use Z to cast anyway.)
Casting: Searing Ray
Confirm with . or Enter, or press ? or * to list all spells.
Aiming: Searing Ray
Press: ? - help, Shift-Dir - straight line, f - Grinder
Aim: Grinder The searing ray hits Grinder.
Grinder is moderately wounded. (Press . to maintain the ray.)
The searing ray misses Grinder.
The searing ray hits Grinder.
Grinder is heavily wounded.
The searing ray hits Grinder.
Grinder is almost dead.
You finish channeling your searing ray.
Grinder hits you!
You writhe in agony.
Grinder hits you!
* * * LOW HITPOINT WARNING * * *
You writhe in agony.
You die...

......# ......#
......#
.....<##### ##
##....#...###.# ..
## ........[....>#
.# ..
####.#..#.#####
.##.#
...#....#....#
##....#.#
...###.#####.#
#@5.....# ...# #.#
#.# #.#######
..)###.## #.# #.#
........# #.###)#
...)....# #.....#
.....)..##########
..)###........#
...# #........#
...###........#


You could see Grinder.

Vanquished Creatures
  An orc priest (D:3)
  Jessica (D:3)
  Ijyb (D:3)
  3 adders (D:3)
  2 worms (D:2)
  10 dart slugs
  A leopard gecko (D:2)
  6 orcs (D:3)
  2 ball pythons
  A giant cockroach (D:2)
  15 goblins
  7 hobgoblins
  3 jackals (D:2)
  3 kobolds
  5 bats
  4 frilled lizards
  3 rats
68 creatures vanquished.

Notes
Turn   | Place    | Note
-------+----------+-------------------------------------------
     0 | D:1      | Nattfarinn the Deep Elf Conjurer began the quest for the Orb.
     0 | D:1      | Reached XP level 1. HP: 10/10 MP: 6/6
   431 | D:1      | Reached XP level 2. HP: 15/15 MP: 5/8
   690 | D:1      | Reached skill level 5 in Conjurations
  1000 | D:2      | Reached XP level 3. HP: 8/19 MP: 5/10
  1413 | D:2      | Found a snail-covered altar of Cheibriados.
  1822 | D:3      | Reached XP level 4. HP: 23/24 MP: 3/12
  2098 | D:3      | Learned a level 2 spell: Searing Ray
  2125 | D:3      | Reached skill level 6 in Conjurations
  2165 | D:3      | Noticed Jessica
  2216 | D:3      | Reached XP level 5. HP: 28/28 MP: 10/14
  2224 | D:3      | Killed Jessica
  2234 | D:3      | Found an opulent altar of Gozag.
  2282 | D:3      | Noticed Ijyb
  2286 | D:3      | Killed Ijyb
  2286 | D:3      | Reached skill level 5 in Spellcasting
  2290 | D:3      | Noticed Grinder
  2296 | D:3      | Slain by Grinder

Skill      XL: |  1  2  3  4  5 |
---------------+----------------+-----
Conjurations   | 5 6 |  6.7
Spellcasting   | 4 5 |  5.0
Dodging        | |  2.4
Stealth        | |  2.4

Action                   |  1- 3 |  4- 6 || total
-------------------------+-------+-------++-------
Melee: Hand axe          |     4 |       ||     4
 Cast: Magic Dart        |    89 |    60 ||   149
       Searing Ray       |       |     5 ||     5
  Eat: Chunk             |     3 |     1 ||     4
Armor: Robe              |     6 |       ||     6
Dodge: Dodged            |    16 |     4 ||    20
